Selects Panzerjäger Kommand Battlegroup
Construct Light Support Kompanie
Selects GrB 39 Grenade Launcher Requisition
Panzerjäger Mechanized Group
Selects Crew Shock Tactics
Pak 38 Anti-tank Gun Team
Construct Panzerarmee Kommand
Selects Elefant Tank Destroyer
Walking Stuka Rocket Launcher
Walking Stuka Rocket Launcher
Selects Defensive Positions
Selects Butterfly Bomb Drop
Construct Mechanized Kompanie
Marder III Tank Destroyer
Marder III Tank Destroyer
Marder III Tank Destroyer
18-tonne Recovery Half-track